 Dungeon Crawl Stone Soup version 0.19.4-8-ga85b6b9 (webtiles) character file.

60 Jynx the Sneak (level 3, -11/24 HPs)
             Began as a Vampire Enchanter on Feb 11, 2017.
             Mangled by a worm (12 damage)
             ... on level 2 of the Dungeon.
             The game lasted 00:03:27 (2224 turns).

Jynx the Sneak (Vampire Enchanter)                  Turns: 2224, Time: 00:03:28

Health: -11/24     AC:  7    Str:  7    XL:     3   Next: 82%
Magic:  6/6        EV: 13    Int: 17    God:
Gold:   37         SH:  0    Dex: 15    Spells: 3 memorised, 0 levels left

rFire  . . .     SeeInvis +     a - +1 dagger
rCold  + . .     Gourm    .     b - +2 robe
rNeg   + + .     Faith    .     (no shield)
rPois  +         Spirit   .     (no helmet)
rElec  .         Reflect  .     g - +2 cloak
rCorr  .         Harm     .     (no gloves)
MR     .....                    (no boots)
Stlth  ++++......               (no amulet)
                                (no ring)
                                (no ring)

@: regenerating slowly
A: fangs 3, see invisible, unbreathing
a: Bat Form


You were on level 2 of the Dungeon.
You were very thirsty.

You visited 1 branch of the dungeon, and saw 2 of its levels.

You collected 37 gold pieces.

Inventory:

Hand Weapons
 a - a +1 dagger (weapon)
Armour
 b - a +2 robe (worn)
 g - a +2 cloak (worn)
Scrolls
 f - a scroll of teleportation
 h - 2 scrolls of remove curse
 l - a scroll of enchant armour
Potions
 d - 3 potions of blood
 e - 2 potions of heal wounds {unknown}
 i - a potion of cure mutation {unknown}
 j - a potion of brilliance {unknown}
 k - a potion of berserk rage {unknown}
Books
 c - a book of Maledictions

   Spells                             Type                      Level
   a - Corona                         Hexes                        1
   b - Ensorcelled Hibernation        Hexes/Ice                    2
   c - Confuse                        Hexes                        3
   d - Tukima's Dance                 Hexes                        3
   e - Dazzling Spray                 Conjuration/Hexes            3


   Skills:
 * Level 2.2 Short Blades
 + Level 2.5 Dodging
 * Level 5.9 Stealth
 - Level 2.0 Spellcasting
 + Level 4.8 Hexes


You couldn't memorise any spells.
You knew the following spells:

 Your Spells              Type           Power        Failure   Level  Hunger
a - Corona                Hex            ###....      2%          1    #......
b - Ensorcelled Hibernat  Hex/Ice        #.....       14%         2    ###....
c - Confuse               Hex            ###.....     10%         3    ###....


Dungeon Overview and Level Annotations

Branches:
Dungeon (2/15)

Altars:
Fedhas
Okawaru
Uskayaw
The Shining One

Annotations:
D:2 Robin


Innate Abilities, Weirdness & Mutations

You heal slowly.
You have razor-sharp teeth.
You have supernaturally acute eyesight. (SInv)
You can survive without breathing.


Message History

The worm is moderately wounded.
You barely miss the worm.
The worm is moderately wounded.
The worm bites you!
You hit the worm.
The worm is heavily wounded.
You barely miss the worm. You bite the worm.
The worm is severely wounded.
The worm bites you!
* * * LOW HITPOINT WARNING * * *
You are too injured to fight recklessly!
You are too injured to fight recklessly!
You are too injured to fight recklessly!
You hit the worm.
The worm is severely wounded.
You hit the worm.
The worm is severely wounded.
The worm bites you!
Ouch! That really hurt!
You die...

+..
#.#.......#
#.#
#.#####.### #.
#.. #.#######
#. ###
#.......#
###+#######.#
........# #%#
........# #.#
.......>###.##
#......w@...#
##..#..######
.##..#..#
.....#.g##
.........#
.###.#.).#
#.#...# #
#.†.# #...#


You could see a worm.

Vanquished Creatures
  An ooze (D:1)
  A worm (D:2)
  3 dart slugs
  A leopard gecko (D:1)
  A giant cockroach (D:1)
  8 goblins
  9 hobgoblins
  3 jackals (D:1)
  6 bats (D:1)
  A frilled lizard (D:1)
  6 kobolds
  2 rats (D:1)
42 creatures vanquished.

Notes
Turn   | Place    | Note
-------+----------+-------------------------------------------
     0 | D:1      | Jynx the Vampire Enchanter began the quest for the Orb.
     0 | D:1      | Reached XP level 1. HP: 13/13 MP: 3/3
   394 | D:1      | Reached XP level 2. HP: 19/19 MP: 5/5
   787 | D:1      | Reached skill level 5 in Stealth
   986 | D:1      | Learned a level 2 spell: Ensorcelled Hibernation
  1197 | D:1      | Reached XP level 3. HP: 23/24 MP: 6/6
  1446 | D:2      | Noticed Robin
  1605 | D:1      | Learned a level 3 spell: Confuse
  2016 | D:2      | Found a hide-covered altar of Uskayaw.
  2019 | D:2      | Found a blossoming altar of Fedhas.
  2022 | D:2      | Found an iron altar of Okawaru.
  2032 | D:2      | Found a glowing golden altar of the Shining One.
  2222 | D:2      | HP: 1/24 [worm (10)]
  2224 | D:2      | Mangled by a worm

Skill      XL: |  1  2 |
---------------+-------+-----
Stealth        | 5 |  5.9
Short Blades   | 2 |  2.2
Dodging        | |  2.5
Spellcasting   | |  2.0
Hexes          | |  4.8

Action                   || total
-------------------------++-------
Melee: Dagger            ||   178
       Bite              ||     9
  Use: Scroll            ||     6
 Stab: Sleeping          ||    12
  Eat: Corpse            ||     2
Armor: Robe              ||    33
Dodge: Dodged            ||    92
